 Dungeon Crawl Stone Soup version 0.29.1-15-g9cfb28693d (webtiles) character file.

Game seed: 12955994605488463186

751 BuddhaDhamma the Cleaver (level 7, -8/57 HPs)
             Began as a Minotaur Berserker on Mar 21, 2023.
             Was a Priest of Trog.
             Mangled by a hornet zombie (10 damage)
             ... in an ossuary.
             The game lasted 00:05:32 (3218 turns).

BuddhaDhamma the Cleaver (Minotaur Berserker)       Turns: 3218, Time: 00:05:33

Health: -8/57      AC:  8    Str: 24    XL:     7   Next: 49%
Magic:  0/6        EV:  9    Int:  4    God:    Trog [***...]
Gold:   193        SH:  0    Dex: 15    Spells: 6/6 levels left

rFire   . . .      SeeInvis .   n - +0 war axe
rCold   . . .      Faith    .   (no shield)
rNeg    . . .      Spirit   +   l - +0 chain mail
rPois   .          Reflect  .   (helmet restricted)
rElec   .          Harm     .   b - scarf {shadows}
rCorr   .          Rampage  .   (no gloves)
Will    .....                   (no boots)
Stlth   ..........              m - amulet of guardian spirit
HPRegen 0.19/turn               k - +6 ring of dexterity
MPRegen 0.10/turn               (no ring)

@: studying Maces & Flails
A: horns 2, retaliatory headbutt
a: Renounce Religion, Berserk, Trog's Hand


You were in an ossuary.
You worshipped Trog.
Trog was most pleased with you.
You visited 1 branch of the dungeon, and saw 4 of its levels.
You also visited: Ossuary.

You collected 193 gold pieces.

Inventory:

Hand Weapons
 n - a +0 war axe (weapon)
Missiles
 e - 7 javelins (quivered)
Armour
 b - a scarf of shadows (worn)
 l - a +0 chain mail (worn)
Jewellery
 k - a +6 ring of dexterity (left hand)
 m - an amulet of guardian spirit (around neck)
 q - a ring of willpower
 r - a ring of protection from cold
Scrolls
 a - a scroll of immolation {unknown}
 c - 2 scrolls of amnesia {unknown}
 d - a scroll of noise {unknown}
 f - 2 scrolls of vulnerability {unknown}
 g - a scroll of enchant weapon {unknown}
 i - a scroll of poison {unknown}
 p - 2 scrolls of identify {unknown}
 s - a scroll of fear {unknown}
 t - a scroll of blinking {unknown}
Potions
 h - 2 potions of curing {unknown}
 j - a potion of flight {unknown}
 o - a potion of haste {unknown}
 u - a potion of attraction {unknown}


   Skills:
 - Level 3.6 Fighting
 + Level 10.6 Axes
 - Level 2.4 Armour
 - Level 2.1 Dodging


You had 6 spell levels left.
You didn't know any spells.
Your spell library was empty.

Dungeon Overview and Level Annotations

Branches:
Dungeon (4/15)             Temple (0/1) D:4         Ossuary (1/1)

Altars:
Makhleb
Sif Muna
Zin


Innate Abilities, Weirdness & Mutations

You have a pair of horns on your head.
You reflexively headbutt those who attack you in melee.


Message History

A killer bee zombie comes into view.
You hit the hornet zombie.
The hornet zombie is lightly damaged.
The hornet zombie closely misses you.
You hit the hornet zombie but do no damage.
Your headbutt misses the hornet zombie.
The hornet zombie is lightly damaged.
The hornet zombie hits you!
You slash the hornet zombie!
The hornet zombie is moderately damaged.
The hornet zombie hits you. The hornet zombie barely misses you.
You furiously retaliate!
You headbutt the hornet zombie. You hit the hornet zombie.
The hornet zombie is heavily damaged.
You closely miss the killer bee zombie.
The killer bee zombie closely misses you.
The hornet zombie hits you!
The killer bee zombie hits you but does no damage.
You barely miss the hornet zombie.
You headbutt the hornet zombie, but do no damage.
The hornet zombie is heavily damaged.
You slash the killer bee zombie! The killer bee zombie hits you.
The hornet zombie hits you but does no damage.
The killer bee zombie hits you.
* * * LOW HITPOINT WARNING * * *
You barely miss the hornet zombie.
The hornet zombie is heavily damaged.
You slash the killer bee zombie! The hornet zombie hits you.
* * * LOW HITPOINT WARNING * * *
The killer bee zombie closely misses you.
The hornet zombie hits you!
* * * LOW HITPOINT WARNING * * *
You hit the hornet zombie.
The hornet zombie is heavily damaged.
You hit the killer bee zombie.
The killer bee zombie closely misses you.
The killer bee zombie hits you.
* * * LOW HITPOINT WARNING * * *
The hornet zombie hits you!
You die...

# #.
'#'#'#+###
.~~~.~Z@.#
##~##Z###
#.'.#
#.###
#.'.#
#####.###
..~.~~~..#
'#####~~##
#∩..#...#


You could see a killer bee zombie and a hornet zombie.

Vanquished Creatures
  4 water moccasin zombies (Ossuary)
  A wyvern zombie (Ossuary)
  A centaur zombie (Ossuary)
  5 bullfrog zombies (Ossuary)
  An orc priest (D:4)
  2 killer bee zombies (Ossuary)
  7 mummies
  3 adders (D:3)
  A worm (D:3)
  A dart slug (D:3)
  3 orcs (D:4)
  4 ball pythons
  7 endoplasms
  5 goblins
  9 hobgoblins
  4 jackals
  2 quokkas
  5 bats
  2 frilled lizards (D:3)
  9 kobolds
  7 rats
83 creatures vanquished.

Vanquished Creatures (others)
  6 plants (D:3)
  10 withered plants (Ossuary)
16 creatures vanquished.

Grand Total: 99 creatures vanquished

Notes
Turn   | Place    | Note
-------+----------+-------------------------------------------
     0 | D:1      | BuddhaDhamma the Minotaur Berserker began the quest for the
                  | Orb.
     0 | D:1      | Reached XP level 1. HP: 19/19 MP: 0/0
    67 | D:1      | Reached skill level 4 in Axes
    85 | D:1      | Reached XP level 2. HP: 26/26 MP: 1/1
   351 | D:1      | Reached ** piety under Trog
   469 | D:1      | Reached skill level 5 in Axes
   618 | D:2      | Reached XP level 3. HP: 26/31 MP: 2/2
   751 | D:2      | Found a glowing silver altar of Zin.
  1319 | D:3      | Found a burning altar of Makhleb.
  1319 | D:3      | Found a shimmering blue altar of Sif Muna.
  1617 | D:3      | Identified the +4 falchion of Stickiness {vorpal, +Blink
                  | rF+}
  1809 | D:3      | Reached skill level 6 in Axes
  1809 | D:3      | Reached XP level 4. HP: 32/39 MP: 1/3
  2227 | D:3      | Found a faded altar of an unknown god.
  2530 | D:4      | Found a staircase to the Ecumenical Temple.
  2694 | D:4      | Found a sand-covered staircase.
  2699 | D:4      | Reached *** piety under Trog
  2700 | D:4      | Reached skill level 7 in Axes
  2700 | D:4      | Reached XP level 5. HP: 39/45 MP: 4/4
  2703 | Ossuary  | Entered an ossuary
  2752 | Ossuary  | Reached skill level 8 in Axes
  2759 | Ossuary  | Reached XP level 6. HP: 17/51 MP: 1/5
  2848 | Ossuary  | Reached skill level 9 in Axes
  3063 | Ossuary  | Reached XP level 7. HP: 52/57 MP: 6/6
  3079 | Ossuary  | Reached skill level 10 in Axes
  3218 | Ossuary  | HP: 2/57 [killer bee zombie (3)]
  3218 | Ossuary  | Mangled by a hornet zombie

Illustrated notes

Levels and vault maps discovered:
D:1:      nicolae_arrival_memento_mori, layout_basic
D:2:      layout_basic, basic_altar, kennysheep_generic_room_6
D:3:      layout_basic, gammafunk_temple_overflow_wave,
          nicolae_ecumenical_snake_handling, chequers_big_river,
          kennysheep_cross_bottleneck, kennysheep_small_spiral,
          small_statue_intersection, minmay_randomly_rotated_circles
D:4:      layout_cave_pools, minmay_temple_entry_wispy,
          gup_ossuary_entry_pyramid, serial_shops,
          nicolae_shop_bloodbath_and_beyond, shop,
          nicolae_shop_competitors_out_of_business, nicolae_shop_crystal, shop,
          kennysheep_generic_room_3
Ossuary:  ossuary_zaba_flooded

Skill      XL: |  1  2  3  4  5  6  7 |
---------------+----------------------+-----
Axes           | 4 5 6 7 8 9 10 | 10.6
Fighting       | |  3.6
Armour         | |  2.4
Dodging        | |  2.1

Action                   |  1- 3 |  4- 6 |  7- 9 || total
-------------------------+-------+-------+-------++-------
Melee: Hand axe          |    56 |       |       ||    56
       Headbutt          |     9 |    15 |     9 ||    33
       War axe           |    14 |    82 |    37 ||   133
       Punch             |       |     4 |       ||     4
Throw: Javelin           |    22 |     1 |       ||    23
Armor: Animal skin       |    10 |       |       ||    10
       Chain mail        |    12 |    43 |    22 ||    77
Dodge: Dodged            |    42 |    41 |    15 ||    98
